Description

TEST BUILD.

Generated by CarbonTwelve's Starcraft Fusion.

The aim of the build is to get early immortals supported by adepts. It's a strong combination against roaches + zerglings or just roaches, but it makes the player defenseless in the front of early mutalisks. Therefore scouting is required.

Build Order

Get SALT Encoding   

  13  0:02  Probe (Chrono Boost)  
  14  0:12  Probe (Chrono Boost)  
  14  0:17  Pylon  
  15  0:24  Probe (Chrono Boost)  
  16  0:35  Probe (Chrono Boost)  
  17  0:45  Probe (Chrono Boost)  
  18  0:56  Probe (Chrono Boost)  
  19  1:07  Assimilator, Probe (Chrono Boost)  
  19  1:08  Gateway  
  20  1:18  Assimilator, Probe (Chrono Boost)  
  21  1:28  Action, Probe (Chrono Boost) (Move Probes to Gas)  
  22  1:39  Gateway, Pylon, Probe (Chrono Boost)  
  22  1:45  Nexus, Action (Move Probes to Gas)  
  23  1:49  Probe (Chrono Boost)  
  23  1:59  Cybernetics Core  
  24  2:02  Probe (Chrono Boost)  
  25  2:13  Pylon, Probe (Chrono Boost)  
  27  2:18  Zealot  
  28  2:24  Probe (Chrono Boost)  
  30  2:27  Zealot  
  32  2:35  Mothership Core (Chrono Boost)  
  32  2:39  Pylon  
  32  2:49  Robotics Facility  
  34  2:55  Probe x2 (Chrono Boost)  
  36  3:00  Adept  
  38  3:06  Probe x2 (Chrono Boost)  
  38  3:13  Forge  
  40  3:16  Probe x2 (Chrono Boost)  
  42  3:27  Probe x2 (Chrono Boost)  
  42  3:29  Gateway  
  44  3:32  Adept  
  46  3:38  Probe x2 (Chrono Boost)  
  46  3:45  Protoss Shields Level 1  
  47  3:48  Probe (Chrono Boost)  
  51  3:53  Immortal  
  52  3:55  Probe (Chrono Boost)  
  54  3:58  Adept  
  54  4:04  Twilight Council  
  56  4:06  Probe x2 (Chrono Boost)  
  56  4:10  Pylon  
  60  4:14  Adept x2  
  62  4:26  Adept  
  66  4:31  Pylon, Immortal (Chrono Boost)  
  66  4:34  Pylon  
  66  4:40  Resonating Glaives (Chrono Boost)  
  70  4:44  Adept x2  
  72  4:52  Adept  
  76  5:06  Immortal (Chrono Boost)  
  78  5:10  Adept  
  80  5:14  Adept  
  82  5:20  Adept  
Spawning Tool Build Advisor. Get it on Overwolf

Analysis

What we must have by 5:50 is as follows.

Income: 1412M 228G

Buildings: 2 Nexus, 2 Assimilators, 7 Pylons, 3 Gateways, 1 Forge, 1 Cybernetics Core, 1 Twilight Council, 1 Robotics Facility.

Units: 40 Probes, 2 Zealots, 12 Adepts, 3 Immortals, 1 Mothership Core.

Research: Shields 1, Resonating Glaives (both are completed).

Go to:

Details

  • Created by: Turir
  • Published on: Feb 18, 2017
  • Modified on: Apr 11, 2017
  • Patch: 3.8.0
Show
View Real Time Build Order
Export as new Build Order

Comments (0)

There are no comments. Be the first!

Create an account to comment!